 Dungeon Crawl Stone Soup version 0.31-a0-626-g8143ab4f1d (webtiles) character file.

Game seed: 17810535246989003924

100 zenocrate the Ruffian (level 4, -2/28 HPs)
             Began as an Octopode Shapeshifter on Aug 24, 2023.
             Succumbed to a scorpion's poison
             ... on level 4 of the Dungeon.
             The game lasted 00:02:54 (2633 turns).

zenocrate the Ruffian (Octopode Shapeshifter)       Turns: 2633, Time: 00:02:55

Health: -2/28      AC:  1    Str: 16    XL:     4   Next: 74%
Magic:  5/5        EV: 18    Int: 10    God:
Gold:   265        SH:  0    Dex: 12    Spells: 2/5 levels left

rFire   . .          .
                       - Unarmed
rCold   . . .        (no shield)
rNeg    + . .        (helmet currently unavailable)
rPois   .            (no amulet)
rElec   .            d - +5 ring of evasion
rCorr   .            r - ring of positive energy
SInv    .            (no ring)
Will    .....        (no ring)
Stlth   ++           (no ring)
HPRegen 0.24/turn    (no ring)
MPRegen 0.09/turn    (no ring)
                     (no ring)

%: no passive effects
@: lethally poisoned (-2 -> -18), beast-form
A: beast (slay +1), almost no armour, amphibious, 8 rings, camouflage 1,
gelatinous body 1, (nimble swimmer 1), tentacles, low MP 1
a: Begin Untransformation


You were on level 4 of the Dungeon.
You were a hulking beast.
You visited 1 branch of the dungeon, and saw 4 of its levels.

You collected 265 gold pieces.

Inventory:

Missiles
 p - 4 boomerangs
 t - 4 poisoned darts (quivered)
Jewellery
 d - a +5 ring of evasion (left tentacle)
 j - an amulet of faith
 r - a ring of positive energy (right tentacle)
Talismans
 b - a beast talisman (active)
 c - a flux talisman
 q - a maw talisman
Scrolls
 e - 2 scrolls of identify {unknown}
 f - 2 scrolls of teleportation {unknown}
 g - a scroll of acquirement {unknown}
 m - a scroll of brand weapon {unknown}
 n - a scroll of poison {unknown}
 o - a scroll of revelation {unknown}
 s - a scroll of enchant weapon {unknown}
Potions
 a - a potion of mutation
 h - a potion of curing {unknown}
 i - a potion of attraction {unknown}
 k - a potion of resistance {unknown}
 l - a potion of brilliance {unknown}


   Skills:
 - Level 1.0 Fighting
 - Level 3.1 Dodging
 + Level 4.0 Unarmed Combat
 - Level 1.2 Spellcasting
 * Level 3.3 Shapeshifting


You had 2 spell levels left.
You knew the following spells:

 Your Spells              Type           Power      Damage    Failure   Level
a - Teleport Other        Tloc           0%         N/A       71%         3

Your spell library contained the following spells:

 Spells                   Type           Power      Damage    Failure   Level
 Necrotise                Necr           0%         1d4       34%         1
 Gell's Gravitas          Tloc           0%         N/A       71%         3
 Vampiric Draining        Necr           0%         2d6       71%         3
 Agony                    Necr           0%         N/A       100%        5
 Dispersal                Tloc           0%         N/A       100%        6


Dungeon Overview and Level Annotations

Branches:
Dungeon (4/15)
 Temple: D:4-7

Altars:
Sif Muna
Xom

Shops:
D:2 *   D:3 ?(   D:4 (


Innate Abilities, Weirdness & Mutations

You are a hulking beast.
Your limbs bulge with bestial killing power. (Slay +1)
You cannot wear most types of armour.
You are amphibious.
You can wear up to eight rings at the same time.
Your skin changes colour to match your surroundings (Stealth+).
Your rubbery body absorbs attacks. (AC +1, EV +1)
((You are camouflaged when in or above water. (Stealth+)))
You have tentacles for arms and can constrict up to eight enemies at once.
Your magical capacity is low. (-10% MP)


Message History

The scorpion is lightly wounded.
You constrict the scorpion, but do no damage.
The scorpion misses you.
You tentacle-slap the scorpion but do no damage.
The scorpion is lightly wounded.
You constrict the scorpion, but do no damage.
The scorpion stings you.
You are poisoned.
The scorpion poisons you!
You tentacle-slap the scorpion but do no damage.
Your squeeze misses the scorpion.
The scorpion is lightly wounded.
You constrict the scorpion, but do no damage.
You feel very sick.
The endoplasm quivers.
The scorpion stings you!
You are lethally poisoned!
The scorpion poisons you!
Unknown command.
Okay, then.
Okay, then.
You tentacle-slap the scorpion.
The scorpion is lightly wounded.
You constrict the scorpion, but do no damage.
You feel very sick. The scorpion barely misses you.
Unknown command.
You bludgeon the scorpion!
The scorpion is heavily wounded.
You constrict the scorpion.
* * * LOW HITPOINT WARNING * * *
You feel very sick.
The scorpion stings you but does no damage.
The scorpion stings you.
* * * LOW HITPOINT WARNING * * *
Unknown command.
It was a potion of mutation.
You feel extremely strange.
You feel less energetic.
You feel clever.
You feel stupid.
You constrict the scorpion, but do no damage.
You die...

..#...##.#.#....#
#.#..
..+...+..#.'....#
#.###
..#...##<###....#
#.# ###...##.#
###'## #.#
#...'..# #.# #..
#...#### #.###
#...# #<..#
###...# ###.##
......# #h.#
####### #....s.#
#...J..# #.......
#.....#..
#.....###.
#.....# ..
#.....# ..


You could see a scorpion and an endoplasm.

Vanquished Creatures
  Terence (D:2)
  3 adders
  A dart slug (D:3)
  3 orcs (D:3)
  5 ball pythons
  2 endoplasms
  4 giant cockroaches
  3 goblins
  4 hobgoblins
  3 quokkas
  4 bats
  3 frilled lizards
  2 kobolds
  3 rats
41 creatures vanquished.

Notes
Turn   | Place    | Note
-------+----------+-------------------------------------------
     0 | D:1      | zenocrate the Octopode Shapeshifter began the quest for the
                  | Orb.
     0 | D:1      | Reached XP level 1. HP: 13/13 MP: 1/1
   219 | D:1      | Found a faded altar of an unknown god.
   561 | D:1      | You fall into a shaft and drop 1 floor!
   820 | D:1      | Reached XP level 2. HP: 18/18 MP: 2/2
  1070 | D:2      | Noticed Terence
  1085 | D:2      | Killed Terence
  1086 | D:2      | Reached skill level 1 in Spellcasting
  1086 | D:2      | Reached XP level 3. HP: 5/23 MP: 2/4
  1195 | D:2      | Learned a level 3 spell: Teleport Other
  1256 | D:2      | Reached XP level 4. HP: 23/28 MP: 5/5
  1502 | D:2      | Found Qyidgh's General Store.
  1783 | D:3      | Found a shimmering altar of Xom.
  1807 | D:3      | Found Foxos's Weapon Shop.
  1810 | D:3      | Found Xoiclec's Magic Scroll Emporium.
  2230 | D:3      | Found a shimmering blue altar of Sif Muna.
  2245 | D:3      | Found Uczuhai's Book Emporium.
  2264 | D:3      | Reached skill level 4 in Unarmed Combat
  2473 | D:4      | Found Onwaughi's Antique Weapon Shoppe.
  2625 | D:4      | Noticed a scorpion
  2633 | D:4      | Gained mutation: Your magical capacity is low. (-10% MP)
                  | [potion of mutation]
  2633 | D:4      | Gained mutation: Your mind is acute. (Int +4, Str/Dex -1)
                  | [potion of mutation]
  2633 | D:4      | Lost mutation: Your mind is acute. (Int +4, Str/Dex -1)
                  | [potion of mutation]
  2633 | D:4      | Succumbed to a scorpion's poison

Illustrated notes

Levels and vault maps discovered:
D:1:      minmay_arrival_three_doors, layout_basic,
          ebering_ecumenical_altar_abandoned
D:2:      wad_pebble_path, layout_basic, serial_shops,
          nicolae_shop_advertising_works [nicolae_subvault_shop_adworks],
          uniq_terence
D:3:      layout_basic, overflow_temple_1_default,
          lemuel_coloured_pillars_altar, serial_shops, shop,
          nicolae_shop_tiny_glass, shop, reono_crystal_passage,
          kennysheep_generic_room_5
D:4:      gammafunk_cloud_chamber, layout_basic,
          nicolae_hepliaklqana_hippocampus, minmay_temple_entry_poolview,
          serial_shops, nicolae_lakefront_shop, shop,
          minmay_misc_feat_four_crosses

Skill      XL: |  1  2  3  4 |
---------------+-------------+-----
Spellcasting   | 1 |  1.2
Dodging        | 3 |  3.1
Unarmed Combat | 4 |  4.0
Fighting       | |  1.0
Shapeshifting  | |  3.3

Action                     |  1- 3 |  4- 6 || total
---------------------------+-------+-------++-------
  Melee: Unarmed           |    46 |    41 ||    87
         Constrict         |     9 |     7 ||    16
         Tentacles         |     5 |     6 ||    11
         Punch             |       |     3 ||     3
    Use: Potion            |     2 |     1 ||     3
   Stab: Sleeping          |     4 |     2 ||     6
 Armour: Skin              |    21 |     4 ||    25
  Dodge: Dodged            |    14 |    28 ||    42

Table legend: (Time is in decaauts)
 A = Elapsed time spent in this place.
 B = Non-inter-level travel time spent in this place.
 C = Inter-level travel time spent in this place.
 D = Time resting spent in this place.
 E = Time spent auto-exploring this place.
 F = Levels seen in this place.
 G = Mean time per level.
                   A        B        C        D        E       F      G
               +--------+--------+--------+--------+--------+-----+--------+
         Total |   2625 |   2566 |     59 |      0 |   2235 |   4 |  656.2 |
       Dungeon |   2625 |   2566 |     59 |      0 |   2235 |   4 |  656.2 |
               +--------+--------+--------+--------+--------+-----+--------+

Top non-repeatable levels by time:
     D:1: 841 daAuts
     D:2: 839 daAuts
     D:3: 776 daAuts
     D:4: 168 daAuts
